Map: Polka LE

Players

qqq

  • Race: Zerg Zerg
  • Spawn Location: 11:00

Massa

  • Race: Terran Terran
  • League: Platinum
  • Spawn Location: 11:00

Cortex - Winner!

  • Race: Terran Terran
  • Spawn Location: 5:00

TweedeKaas - Winner!

  • Race: Zerg Zerg
  • Spawn Location: 5:00

VOD

Have the link to the VOD?

Description

Time

  • Played on: Nov. 6, 2020, 3:18 p.m.
  • Length: 22:57
Show
View Real Time Build Order
Export as new Build Order

qqq Zerg 

Build Orders: Hatch First 

Get SALT Encoding   

  12  0:01  Drone  
  13  0:10  Drone  
  14  0:42  Hatchery  
  14  0:47  Drone  
  14  0:57  Spawning Pool  
  13  1:05  Overlord  
  13  1:22  Drone  
  15  1:25  Drone x2  
  16  1:35  Drone  
  16  1:37  Extractor  
  16  1:46  Extractor  
  15  1:52  Drone  
  17  2:00  Drone, Queen  
  20  2:02  Queen  
  20  2:06  Drone x2  
  24  2:11  Drone  
  25  2:16  Overlord  
  25  2:20  Drone  
  26  2:27  Drone  
  27  2:30  Drone  
  28  2:41  Zergling x2  
  28  2:43  Zergling x2  
  30  2:45  Metabolic Boost  
  30  2:49  Zergling x2  
  30  2:50  Zergling x2  
  32  2:59  Overlord  
  32  3:00  Zergling x2  
  33  3:13  Zergling x2  
  33  3:14  Zergling x4, Baneling Nest  
  33  3:17  Overlord  
  33  3:18  Zergling x4  
  37  3:21  Zergling x2  
  37  3:27  Zergling x2  
  39  3:32  Zergling x2  
  40  3:38  Zergling x2  
  41  3:45  Zergling x2  
  39  3:57  Zergling x6  
  39  3:58  Zergling x6  
  39  3:59  Zergling x4  
  47  4:05  Baneling x3  
  47  4:08  Zergling x2  
  47  4:09  Zergling x2  
  47  4:28  Baneling x2  
  47  4:30  Zergling x4  
  47  4:31  Zergling x4  
  50  4:51  Baneling  
  48  5:01  Hatchery  
  33  5:25  Zergling x8  
  33  5:26  Zergling x4  
  33  5:27  Drone x3  
  33  5:28  Zergling x6  
  38  5:48  Drone  
  40  5:50  Zergling x2  
  40  5:53  Baneling x2  
  40  5:54  Baneling  
  40  5:59  Drone  
  40  6:00  Drone, Overlord  
  40  6:01  Zergling x2  
  43  6:10  Drone x4  
  47  6:14  Hatchery  
  43  6:42  Zergling x8  
  43  6:46  Zergling x4  
  49  6:48  Lair  
  42  7:01  Zergling x2  
  42  7:02  Zergling x8  
  42  7:03  Zergling x6  
  42  7:06  Hatchery  
  48  7:14  Drone x4  
  52  7:18  Extractor, Drone x3  
  54  7:24  Hatchery, Baneling  
  54  7:25  Baneling x2  
  54  7:28  Drone x2  
  54  7:29  Drone x2  
  57  7:39  Zergling x2  
  57  7:40  Zergling x2, Overlord  
  57  7:41  Drone, Zergling x2  
  61  7:53  Baneling x2  
  61  7:56  Baneling x3  
  61  7:57  Baneling x7  
  61  7:58  Baneling x4  
  61  8:01  Zergling x2  
  61  8:02  Drone x4  
  61  8:03  Drone  
  67  8:12  Drone x2  
  69  8:14  Drone x2  
  69  8:18  Extractor  
  70  8:23  Extractor  
  66  8:33  Zergling x2  
  66  8:34  Zergling x14  
  58  8:35  Drone, Zergling x6  
  58  8:36  Drone  
  65  8:49  Overlord  
  65  8:50  Drone, Spire  
  65  8:52  Queen  
  65  8:53  Spine Crawler  
  66  8:57  Drone x3  
  66  8:58  Drone  
  70  9:03  Zergling x6  
  70  9:05  Zergling x2  
  70  9:07  Overlord  
  74  9:14  Overlord x2  
  74  9:15  Drone  
  74  9:16  Drone  
  76  9:17  Drone  
  73  9:32  Zergling x10  
  73  9:33  Zergling x4  
  73  9:34  Drone x5  
  73  9:37  Drone  
  79  9:43  Spine Crawler  
  77  9:55  Drone x4  
  77  9:56  Drone x2  
  77  9:57  Hatchery  
  82  10:03  Extractor  
  82  10:04  Extractor  
  80  10:07  Mutalisk  
  80  10:08  Mutalisk x2  
  80  10:09  Mutalisk x3  
  80  10:11  Mutalisk  
  94  10:14  Zerg Flyer Weapons Level 1  
  94  10:15  Mutalisk  
  94  10:17  Drone  
  94  10:18  Drone  
  99  10:21  Drone x3  
  99  10:26  Spine Crawler  
  99  10:27  Drone, Spore Crawler  
  100  10:38  Drone x5, Mutalisk x2  
  100  10:39  Mutalisk  
  111  10:47  Evolution Chamber  
  110  10:50  Mutalisk  
  110  10:52  Zergling x12, Overlord x2  
  110  10:53  Overlord  
  114  11:06  Overseer  
  108  11:14  Mutalisk x2  
  108  11:16  Overlord x6  
  108  11:18  Drone x7  
  107  11:30  Drone  
  108  11:35  Drone  
  108  11:36  Drone  
  108  11:39  Drone  
  110  12:05  Drone x5  
  110  12:06  Drone x4  
  110  12:08  Hatchery  
  118  12:10  Hatchery  
  118  12:13  Drone  
  118  12:14  Drone x2  
  105  12:39  Spawning Pool  
  94  12:49  Drone x3  
  94  12:50  Drone x5  
  100  12:52  Extractor  
  100  12:53  Extractor  
  100  12:57  Extractor  
  100  12:58  Extractor  
  96  13:02  Evolution Chamber  
  95  13:28  Zerg Melee Weapons Level 1  
  95  13:30  Lair  
  90  13:48  Drone  
  90  13:49  Drone x6  
  90  13:50  Drone x2  
  90  13:53  Spine Crawler  
  90  13:54  Spine Crawler  
  85  14:03  Spine Crawler  
  85  14:05  Spine Crawler  
  82  14:14  Spine Crawler x2  
  82  14:15  Spine Crawler x2  
  82  14:16  Spine Crawler  
  77  14:19  Drone, Spore Crawler x2  
  77  14:20  Drone x3  
  77  14:23  Spore Crawler  
  78  14:27  Lair  
  78  14:32  Spire  
  78  14:35  Infestation Pit  
  76  14:54  Zergling x4  
  76  14:55  Zergling x8  
  82  15:00  Drone x3  
  82  15:01  Spire  
  82  15:02  Drone x3  
  82  15:04  Drone  
  82  15:05  Drone x2  
  90  15:09  Spine Crawler  
  90  15:10  Spine Crawler  
  90  15:11  Spine Crawler  
  90  15:14  Spine Crawler x2  
  83  15:22  Zerg Ground Armor Level 1  
  76  15:51  Pneumatized Carapace  
  76  15:54  Spore Crawler  
  76  15:56  Spine Crawler  
  70  15:57  Spine Crawler  
  70  15:59  Mutalisk x3  
  70  16:00  Mutalisk x3  
  70  16:01  Mutalisk x5  
  70  16:02  Mutalisk x4  
  70  16:03  Hatchery  
  98  16:15  Drone  
  98  16:16  Mutalisk x2, Infestation Pit  
  102  16:22  Drone x2  
  87  16:29  Spine Crawler  
  87  16:30  Spine Crawler  
  67  16:33  Spine Crawler  
  65  16:41  Drone  
  65  16:42  Drone x5  
  60  17:07  Drone x7  
  60  17:08  Drone  
  68  17:23  Hatchery  
  68  17:29  Hatchery  
  66  17:31  Hatchery, Mutalisk x3, Spawning Pool  
  66  17:32  Drone  
  66  17:33  Drone x5  
  76  17:39  Hatchery  
  75  17:50  Mutalisk  
  77  17:52  Mutalisk x6  
  69  18:14  Drone x2  
  67  18:24  Drone x3, Spine Crawler  
  67  18:26  Drone, Spine Crawler  
  63  18:28  Queen  
  63  18:30  Queen  
  63  18:34  Extractor  
  63  18:35  Drone  
  63  18:41  Spine Crawler x2  
  55  18:42  Spine Crawler  
  55  18:43  Spine Crawler x3  
  55  18:44  Drone x2  
  55  18:45  Spine Crawler, Zergling x2  
  53  18:50  Drone x2  
  53  18:51  Evolution Chamber  
  53  18:52  Drone x3, Evolution Chamber  
  53  18:53  Zergling x4  
  53  18:54  Zergling x4  
  58  19:07  Lair  
  58  19:09  Zergling x2  
  59  19:16  Drone x3  
  58  19:24  Hatchery  
  56  19:42  Hatchery  
  55  19:50  Zergling x6  
  55  19:51  Zergling x16  
  55  19:52  Zergling x2  
  62  19:53  Zerg Missile Weapons Level 1  
  62  20:08  Hatchery  
  60  20:16  Zergling x6  
  60  20:17  Zergling x10  
  66  20:28  Drone  
  60  20:34  Drone  
  60  20:35  Drone  
  57  20:37  Drone x2  
  57  20:38  Drone  
  60  20:44  Spire  
  60  20:45  Infestation Pit  
  58  20:53  Zergling x6  
  58  20:54  Zergling x4, Overlord x2  
  58  20:55  Drone  
  58  20:56  Drone x2  
  64  20:59  Zergling x6  
  64  21:00  Drone  
  64  21:02  Queen  
  65  21:15  Drone x2  
  65  21:16  Hatchery  
  61  21:20  Spine Crawler  
  58  21:27  Drone x2  
  58  21:28  Drone  
  61  21:37  Zergling x12  
  61  21:38  Drone x2  
  68  21:42  Lair  
  68  21:52  Drone  
  69  21:55  Spawning Pool  
  69  21:57  Zergling x8  
  69  21:58  Drone x3  
  61  22:09  Zergling x6  
  61  22:10  Drone x2  
  57  22:24  Zergling x10  
  57  22:25  Zergling x6  
  57  22:26  Drone  
  53  22:37  Zergling x4  
  53  22:38  Drone  
  53  22:42  Hatchery  
  40  22:44  Spawning Pool  
  40  22:46  Hatchery  
Show
View Real Time Build Order
Export as new Build Order

Massa Terran 

Build Orders:  

Get SALT Encoding   

  12  0:00  SCV  
  13  0:12  SCV  
  14  0:19  Supply Depot  
  14  0:24  SCV  
  15  0:35  Refinery  
  15  0:41  Barracks  
  15  0:44  SCV  
  16  0:57  Refinery, SCV  
  17  1:09  SCV  
  18  1:21  SCV  
  19  1:28  Reaper  
  20  1:33  SCV  
  20  1:37  Supply Depot  
  21  1:41  Factory  
  21  1:51  SCV  
  22  2:00  Marine  
  23  2:12  Orbital Command  
  23  2:27  Command Center  
  23  2:44  Hellion  
  23  2:50  Supply Depot  
  25  2:56  Starport  
  25  3:06  Barracks Reactor, Hellion  
  27  3:19  SCV  
  28  3:27  Hellion  
  28  3:32  SCV  
  31  3:36  Medivac  
  33  3:42  Marine  
  33  3:43  Marine  
  35  3:49  Widow Mine  
  35  3:50  Barracks  
  35  3:51  Orbital Command  
  37  4:00  Marine x2  
  35  4:23  Widow Mine  
  33  4:31  Marine x2  
  35  4:38  Barracks Reactor  
  35  4:44  Widow Mine  
  35  4:45  Barracks, Factory  
  37  4:47  Engineering Bay  
  37  4:48  SCV x2  
  37  5:00  SCV x2  
  35  6:05  Marine  
  35  6:06  Marine x3  
  35  6:07  Barracks Tech Lab  
  35  6:09  Factory Tech Lab  
  39  6:12  Terran Infantry Weapons Level 1  
  39  6:16  SCV x2, Missile Turret  
  39  6:17  Missile Turret  
  41  6:23  Marine x2  
  41  6:24  Marine x2  
  45  6:28  SCV  
  45  6:29  SCV  
  45  6:30  Missile Turret  
  45  6:31  Command Center  
  45  6:32  Medivac  
  48  6:34  Marauder  
  48  6:36  Missile Turret  
  48  6:39  Stimpack  
  50  6:40  SCV  
  50  6:41  SCV, Marine x2  
  50  6:45  Command Center  
  54  6:51  Missile Turret  
  54  6:53  SCV  
  54  7:12  Missile Turret  
  54  7:39  Supply Depot x2  
  54  7:40  Supply Depot x2  
  54  7:41  Supply Depot x2  
  54  7:42  Supply Depot x2  
  54  7:43  SCV x2, Marauder, Medivac, Supply Depot  
  60  7:44  Supply Depot  
  60  7:45  Orbital Command  
  60  7:55  SCV x2  
  62  8:02  Siege Tank  
  65  8:07  SCV x2  
  65  8:09  Planetary Fortress  
  65  8:12  Factory Reactor  
  67  8:15  SCV, Missile Turret  
  67  8:19  SCV x2  
  70  8:29  Terran Infantry Armor Level 1  
  70  8:32  Armory  
  70  8:35  Engineering Bay  
  70  8:36  SCV x2  
  70  8:37  SCV  
  73  8:42  Refinery x2  
  73  8:43  Marine x2  
  73  8:44  Marauder, Marine  
  78  8:48  SCV  
  78  8:49  Widow Mine x2, SCV x2  
  78  8:54  Supply Depot  
  85  8:56  Refinery  
  85  8:57  SCV  
  85  8:58  Refinery  
  85  9:01  SCV x3  
  89  9:05  Marauder  
  89  9:09  SCV  
  92  9:10  Widow Mine x2  
  92  9:12  Starport Reactor  
  92  9:13  SCV x3  
  99  9:21  SCV  
  99  9:23  Marine x2  
  99  9:24  Marine x2  
  103  9:25  SCV x2  
  103  9:26  Marauder  
  103  9:29  Barracks  
  108  9:34  Barracks  
  108  9:37  Barracks  
  108  9:40  Barracks  
  108  9:43  SCV x2  
  108  9:44  SCV x2  
  112  9:48  Marauder  
  114  9:55  SCV  
  114  9:56  SCV x3  
  114  9:59  Marine  
  118  10:00  Marine x3  
  118  10:03  Widow Mine x2  
  118  10:06  Siege Tank  
  129  10:09  Marauder, Combat Shield  
  131  10:17  Marine x2  
  131  10:18  Marine  
  134  10:21  Missile Turret  
  134  10:23  Missile Turret  
  134  10:24  Missile Turret  
  134  10:25  Widow Mine x2, Barracks Tech Lab  
  134  10:26  Barracks Tech Lab, Missile Turret  
  138  10:31  Marauder  
  140  10:35  Barracks Tech Lab  
  140  10:38  Marine x2, Siege Tank  
  140  10:39  Marine x2  
  147  10:45  Barracks Tech Lab  
  147  10:52  Marauder  
  147  10:56  Marine x4  
  153  11:05  Medivac x2  
  153  11:10  Siege Tank  
  160  11:13  Marauder  
  160  11:14  Marine  
  160  11:17  Marauder x4  
  160  11:18  Marine  
  172  12:20  Command Center  
  172  12:35  Supply Depot x3  
  172  12:37  Supply Depot x2  
  172  12:38  SCV, Supply Depot  
  172  12:40  Supply Depot  
  172  12:42  SCV, Marauder  
  172  12:43  Marauder  
  172  12:50  Marine  
  172  12:56  SCV, Marine, Medivac x2  
  172  12:57  Widow Mine x2, SCV x2, Refinery, Marauder x3  
  190  12:59  Supply Depot  
  190  13:00  Supply Depot x2  
  190  13:02  Supply Depot  
  190  13:08  SCV  
  190  13:09  SCV  
  192  13:13  Siege Tank  
  192  13:17  Marauder x2  
  192  13:18  Concussive Shells  
  199  13:21  Terran Infantry Armor Level 2, Terran Infantry Weapons Level 2  
  199  13:23  Terran Vehicle And Ship Armor Level 1  
  199  13:32  Refinery  
  199  13:33  Planetary Fortress  
  199  13:34  Refinery  
  199  13:37  Refinery  
  197  13:59  Armory  
  197  14:23  Siege Tank  
  200  14:35  Command Center  
  200  14:38  Refinery  
  166  15:40  Marauder x4  
  166  15:41  Marauder  
  150  15:51  Siege Tank  
  153  16:01  Marauder x2  
  153  16:02  Marauder  
  159  16:07  Marauder x2  
  159  16:08  Marine x4  
  166  16:23  Marauder x3, Siege Tank  
  175  16:28  Marauder x2  
  179  16:38  Missile Turret  
  176  16:40  Missile Turret  
  176  16:44  Marauder x3  
  175  16:49  Marauder  
  174  16:55  Siege Tank  
  174  16:58  Missile Turret  
  174  17:02  Missile Turret  
  174  17:15  Marauder x4  
  151  17:16  Marauder, Marine  
  151  17:17  Marine x3  
  151  17:20  Missile Turret  
  155  17:25  Missile Turret  
  155  17:27  Siege Tank  
  158  17:33  Terran Infantry Weapons Level 3, Terran Infantry Armor Level 3  
  158  17:34  Marine x2  
  158  17:35  Marine x2, Terran Vehicle Weapons Level 1  
  158  17:36  Marauder  
  158  17:37  Marauder x4  
  169  17:54  Missile Turret  
  169  17:55  Missile Turret  
  169  17:57  Missile Turret  
  169  17:58  Marauder  
  171  17:59  Siege Tank  
  171  18:02  Marauder x4  
  171  18:03  Marine x3  
  185  18:17  Factory Tech Lab  
  185  18:18  Barracks  
  185  18:19  Marauder  
  187  18:23  Marauder  
  187  18:24  Marauder x3  
  195  18:31  Missile Turret  
  195  18:32  Siege Tank  
  198  18:41  Marauder, Command Center  
  191  19:04  Siege Tank  
  158  19:36  Siege Tank  
  112  19:41  Marauder  
  112  19:42  Marauder x4, Marine x4  
  112  19:44  Siege Tank  
  125  19:53  Planetary Fortress  
  125  19:57  Missile Turret  
  125  19:59  Marine  
  125  20:00  Marine x3  
  125  20:02  Marauder  
  125  20:03  Marauder x4  
  137  20:07  Terran Vehicle And Ship Armor Level 2  
  137  20:08  Siege Tank  
  137  20:10  Neosteel Armor, Hi-Sec Auto Tracking  
  137  20:11  Terran Vehicle Weapons Level 2  
  140  20:16  Siege Tank  
  140  20:17  Marine  
  140  20:18  Marine x3  
  147  20:24  Marauder x5  
  153  20:35  Marine  
  153  20:36  Marine x2  
  153  20:40  Siege Tank  
  158  20:45  Marauder  
  158  20:46  Marauder x4  
  158  20:48  Siege Tank  
  157  21:06  Marauder  
  157  21:07  Marauder x2  
  159  21:12  Siege Tank  
  147  21:40  Marauder x5, Marine  
  147  21:41  Marine x3  
  147  21:43  Siege Tank  
  130  21:58  Marine x2  
  118  22:01  Marauder x4  
  123  22:14  Command Center  
  123  22:15  Siege Tank  
  111  22:23  Marauder x4  
  88  22:54  Barracks  
  88  22:55  Barracks x2  
  88  22:56  Barracks x2  
Show
View Real Time Build Order
Export as new Build Order

Cortex Terran - Winner!

Build Orders:  

Get SALT Encoding   

  12  0:00  SCV  
  13  0:12  SCV  
  14  0:24  SCV, Supply Depot  
  15  0:46  SCV  
  15  0:47  Barracks  
  16  1:03  SCV  
  17  1:22  SCV, Command Center  
  18  1:30  Refinery  
  18  1:36  Supply Depot  
  18  1:40  SCV  
  18  1:41  Marine  
  20  1:52  SCV  
  21  1:55  Supply Depot  
  21  1:59  Marine  
  22  2:11  SCV  
  22  2:13  Barracks  
  23  2:19  Marine  
  24  2:26  SCV  
  25  2:32  Refinery  
  24  2:46  Barracks Tech Lab  
  24  2:47  SCV x2  
  26  2:53  Factory  
  26  2:59  SCV x2  
  26  3:02  Barracks Reactor  
  28  3:07  Engineering Bay  
  28  3:11  SCV  
  29  3:16  Marauder  
  29  3:19  SCV  
  32  3:25  SCV  
  33  3:30  Stimpack  
  33  3:32  SCV  
  34  3:41  Marine x2  
  36  3:43  Marauder  
  38  3:54  SCV  
  39  3:56  SCV  
  31  4:16  Orbital Command  
  25  4:20  SCV  
  22  4:24  Missile Turret  
  22  4:28  Marine  
  23  4:35  Factory Tech Lab  
  23  4:42  Marine  
  23  5:02  SCV, Missile Turret  
  23  5:17  SCV  
  11  5:29  SCV  
  9  5:53  SCV  
  10  6:07  SCV x2  
  12  6:21  SCV  
  13  6:29  SCV  
  14  6:34  Marine  
  15  7:01  SCV  
  16  7:05  Missile Turret  
  16  7:14  SCV x2  
  16  7:26  SCV x2  
  18  7:38  SCV x2, Missile Turret  
  20  7:50  SCV  
  20  7:51  SCV  
  22  8:02  Marine x3  
  22  8:03  SCV x2  
  27  8:09  Starport  
  27  8:15  SCV  
  28  8:20  Concussive Shells  
  28  8:21  Marine  
  28  8:22  Marauder, Marine  
  28  8:23  SCV  
  33  8:28  SCV  
  34  8:35  SCV  
  34  8:39  Marine  
  34  8:40  SCV  
  37  8:45  Marine  
  37  8:46  Marauder  
  37  8:47  SCV, Starport Reactor  
  41  8:53  SCV, Terran Infantry Weapons Level 1  
  42  8:57  Refinery  
  42  9:00  Orbital Command  
  42  9:05  SCV, Marine x2  
  45  9:14  Marauder  
  47  9:18  SCV  
  48  9:25  Refinery  
  48  9:30  SCV, Marine x2  
  51  9:31  SCV  
  51  9:34  Medivac  
  54  9:49  Supply Depot  
  54  9:50  Supply Depot  
  54  10:05  Barracks  
  54  10:10  SCV x2, Marauder, Marine  
  54  10:14  Marine  
  60  10:15  Medivac  
  60  10:16  Medivac  
  64  10:22  SCV  
  65  10:28  SCV  
  65  10:30  Missile Turret  
  65  10:34  SCV  
  65  10:35  Marauder, Marine, Missile Turret  
  70  10:49  Supply Depot  
  70  10:50  Supply Depot x2  
  70  10:55  Barracks Reactor  
  70  10:57  Armory  
  70  11:10  SCV x2, Marine x2, Medivac  
  70  11:11  Marauder  
  78  11:15  Medivac  
  78  11:17  Terran Infantry Armor Level 1  
  80  11:23  SCV x2  
  82  11:28  Marine x2  
  82  11:32  Marauder  
  86  11:35  SCV  
  80  11:47  Marine  
  80  11:48  Marine x2  
  80  11:54  Marauder  
  85  11:56  Marine  
  85  11:57  Viking  
  85  11:58  Viking  
  67  12:01  SCV x2  
  67  12:05  Marine x2  
  67  12:06  Marine  
  72  12:13  Missile Turret  
  72  12:15  Marauder  
  74  12:17  SCV  
  74  12:21  Marine  
  76  12:23  Marine  
  76  12:27  Marine x2  
  76  12:28  SCV  
  80  12:33  Command Center, Terran Ship Weapons Level 1  
  80  12:34  SCV  
  80  12:36  Marauder  
  83  12:39  Marine  
  83  12:41  Missile Turret  
  83  12:42  SCV  
  83  12:43  Missile Turret  
  85  12:49  SCV  
  86  12:57  Medivac x2  
  86  12:58  SCV, Marauder  
  93  13:02  Supply Depot  
  93  13:04  SCV  
  94  13:09  Missile Turret  
  94  13:23  Marine x3  
  94  13:24  SCV  
  94  13:27  Viking x2  
  100  13:29  Missile Turret  
  102  13:44  SCV x2, Marine x5  
  102  13:45  Orbital Command  
  109  13:49  Missile Turret  
  107  13:57  SCV x2  
  107  14:02  Marine x3  
  112  14:03  Marauder  
  112  14:04  Medivac  
  112  14:05  Medivac  
  112  14:09  SCV  
  117  14:15  Supply Depot  
  117  14:20  Supply Depot x2  
  117  14:24  Terran Infantry Weapons Level 2  
  117  14:30  Engineering Bay  
  117  14:31  Missile Turret  
  117  14:33  Missile Turret  
  117  14:36  SCV x3  
  117  14:37  Marauder, Missile Turret  
  122  14:45  Missile Turret, Supply Depot  
  122  14:46  Marine  
  122  14:48  SCV x2  
  125  14:57  Missile Turret  
  125  14:59  Marine  
  128  15:00  Marauder, Marine x2  
  128  15:04  Marine  
  131  15:08  SCV  
  132  15:17  Marine x3  
  132  15:20  SCV  
  138  15:21  Marauder, Marine  
  138  15:22  Medivac  
  138  15:25  Supply Depot  
  138  15:26  Terran Infantry Armor Level 2  
  138  15:27  SCV  
  142  15:29  SCV, Supply Depot  
  142  15:30  Supply Depot x2  
  142  15:32  SCV, Combat Shield  
  142  15:35  Marine x3  
  145  15:41  Barracks  
  146  15:42  Marauder  
  146  15:47  Marine  
  145  15:50  SCV x2  
  146  15:57  Missile Turret  
  146  15:59  Marine, Missile Turret  
  146  16:00  Marine  
  146  16:03  Refinery  
  148  16:04  Marine  
  148  16:05  SCV, Marauder, Marine  
  148  16:10  SCV x2  
  155  16:17  Barracks, Marine x2  
  157  16:22  Marine  
  158  16:26  Marauder, Marine  
  161  16:35  Marine  
  159  16:47  Marauder  
  159  16:52  Marine x4  
  165  17:01  Marine  
  165  17:04  Medivac  
  165  17:05  Medivac  
  168  17:09  Marauder  
  168  17:10  Marine  
  168  17:18  Marine x2  
  168  17:19  Barracks Reactor  
  170  17:27  SCV  
  171  17:30  Marauder  
  171  17:34  SCV  
  171  17:35  SCV  
  175  17:39  Refinery  
  169  17:51  Marine x3  
  155  17:52  Marauder  
  152  18:07  Marine  
  152  18:08  Marine x2  
  152  18:09  Marine x3  
  156  18:13  Marauder  
  156  18:15  Medivac x2  
  159  18:25  Marine x2  
  159  18:26  Marine  
  159  18:29  SCV  
  160  18:34  Marauder  
  160  18:38  SCV  
  163  18:41  Marine x3  
  163  18:45  Medivac x2  
  163  18:46  Terran Infantry Weapons Level 3  
  163  18:47  Barracks Reactor  
  163  18:48  Barracks, Terran Infantry Armor Level 3  
  170  18:49  Barracks  
  170  18:56  Marauder  
  172  19:08  SCV  
  173  19:15  Medivac x2  
  177  19:17  Marauder  
  177  19:21  Marine x2  
  181  19:29  Marine x3  
  179  19:45  Medivac  
  181  19:55  Barracks Reactor x2, Supply Depot  
  181  19:58  Supply Depot  
  181  20:16  Marine x3  
  181  20:17  SCV, Medivac x2  
  181  20:19  Marine x5  
  181  20:20  SCV, Marauder  
  195  20:31  Command Center  
  195  20:34  Marine  
  196  20:37  Marine  
  193  20:45  Marauder, Marine x6  
  193  20:46  Marine x2  
  197  20:51  Missile Turret, Supply Depot  
  197  20:53  Missile Turret  
  197  20:55  Marine  
  197  20:56  Marine  
  197  20:57  Marine  
  197  20:58  Marine  
  197  21:03  Marine x2  
  197  21:04  Marine  
  197  21:08  Marine  
  197  21:12  Marine x3  
  197  21:14  Marauder, Medivac  
  197  21:15  Medivac  
  197  21:23  Marine x2  
  199  21:26  Marine  
  198  21:36  Marauder  
  198  21:38  Marine  
  185  21:50  Marine x3  
  182  21:57  Marauder  
  176  22:13  Marine  
  177  22:18  Marauder  
  169  22:26  Marine x3  
Show
View Real Time Build Order
Export as new Build Order

TweedeKaas Zerg - Winner!

Build Orders: Hatch First, Lurkers 

Get SALT Encoding   

  12  0:03  Drone  
  13  0:13  Overlord  
  13  0:16  Drone  
  14  0:33  Drone  
  14  0:34  Drone  
  17  0:35  Drone  
  17  0:46  Drone  
  18  0:56  Extractor  
  17  1:01  Hatchery  
  17  1:02  Drone  
  17  1:08  Drone  
  18  1:18  Drone  
  18  1:23  Spawning Pool  
  18  1:31  Drone  
  19  1:44  Drone  
  20  1:53  Drone  
  21  2:02  Overlord  
  21  2:12  Queen  
  21  2:13  Queen  
  25  2:15  Metabolic Boost  
  25  2:20  Baneling Nest  
  25  2:22  Drone  
  25  2:24  Drone  
  25  2:28  Drone  
  25  2:29  Zergling x2  
  28  2:47  Evolution Chamber  
  28  2:48  Queen  
  29  2:52  Drone x3  
  33  2:58  Drone x2  
  34  3:06  Lair  
  34  3:09  Drone  
  35  3:14  Drone  
  36  3:21  Baneling x2  
  36  3:25  Overlord  
  36  3:44  Zergling x4  
  36  3:45  Zergling x8  
  41  3:58  Zergling x4  
  43  4:21  Zergling x8  
  43  4:22  Zergling x2  
  43  4:24  Baneling x2  
  42  4:30  Zergling x4  
  43  4:38  Zergling x2  
  42  4:54  Zergling x2  
  42  4:55  Overlord x2  
  42  4:56  Overlord  
  42  4:58  Zergling x2  
  42  4:59  Baneling x2  
  41  5:04  Spore Crawler  
  40  5:08  Spine Crawler  
  40  5:10  Zergling x2  
  40  5:11  Zergling x6  
  41  5:18  Zergling x4  
  32  5:22  Zergling x2  
  33  5:36  Drone x4  
  37  5:43  Hatchery, Zergling x4  
  37  5:47  Queen  
  37  5:49  Drone  
  39  5:57  Drone  
  39  5:58  Drone  
  41  6:08  Drone x4  
  41  6:09  Drone x3  
  48  6:14  Hydralisk Den  
  47  6:21  Drone  
  47  6:27  Drone x2  
  47  6:28  Drone x2  
  50  6:35  Drone x2  
  50  6:39  Extractor  
  51  6:40  Extractor  
  51  6:41  Roach Warren  
  39  7:20  Queen  
  41  7:25  Roach  
  41  7:26  Roach x8  
  41  7:27  Roach x4  
  41  7:29  Muscular Augments  
  67  7:34  Extractor  
  67  7:36  Lurker Den  
  65  7:37  Drone  
  65  7:38  Drone x4  
  65  7:43  Glial Reconstitution  
  70  7:45  Overlord  
  70  7:53  Spore Crawler  
  70  7:54  Drone x5  
  70  7:57  Overlord  
  74  8:07  Drone x2  
  74  8:09  Zerg Ground Armor Level 1  
  76  8:16  Evolution Chamber  
  76  8:19  Drone, Spore Crawler  
  75  8:20  Drone  
  66  8:37  Drone x5  
  66  8:38  Drone x5  
  66  8:41  Extractor  
  75  8:42  Extractor  
  75  8:46  Queen  
  74  8:50  Drone x2  
  74  8:51  Drone  
  74  8:55  Pneumatized Carapace  
  77  8:59  Zerg Missile Weapons Level 1  
  77  9:09  Infestation Pit  
  76  9:14  Hydralisk x3  
  82  9:22  Queen  
  82  9:23  Nydus Network, Overlord  
  83  9:29  Roach x3  
  89  9:31  Roach  
  89  9:37  Roach  
  88  9:44  Hydralisk x3  
  88  9:45  Hydralisk  
  94  9:50  Lurker x2  
  98  9:54  Overlord  
  98  9:59  Hive  
  98  10:08  Overlord  
  98  10:12  Zerg Ground Armor Level 2  
  98  10:17  Grooved Spines  
  99  10:21  Zergling x4  
  100  10:31  Lurker x3  
  100  10:32  Lurker  
  104  10:38  Nydus Canal  
  104  10:46  Roach x4  
  104  10:47  Roach x2  
  114  10:57  Roach x2  
  114  11:09  Nydus Canal  
  112  11:14  Hydralisk x3  
  112  11:15  Hydralisk  
  96  11:29  Hydralisk x2  
  96  11:30  Hydralisk x5  
  110  11:38  Spore Crawler  
  109  11:40  Hydralisk x2  
  113  11:58  Nydus Canal  
  109  12:14  Overlord x3  
  109  12:24  Nydus Canal  
  109  12:32  Hydralisk x4  
  109  12:33  Hydralisk x6  
  117  12:40  Hydralisk x2  
  104  12:45  Lurker x2  
  88  12:53  Drone  
  88  12:54  Drone x3  
  90  13:10  Lurker x3  
  90  13:11  Lurker  
  94  13:14  Hydralisk x3  
  94  13:15  Hydralisk  
  102  13:27  Overseer  
  102  13:36  Hydralisk x2  
  102  13:37  Hydralisk x4  
  98  13:59  Drone  
  96  14:05  Hatchery  
  96  14:07  Lurker x3  
  98  14:14  Zerg Missile Weapons Level 2  
  98  14:15  Seismic Spines  
  98  14:26  Nydus Canal  
  98  14:28  Hydralisk x5  
  108  14:36  Queen  
  110  14:50  Extractor x2  
  106  14:57  Nydus Canal  
  106  15:07  Hydralisk x6  
  118  15:27  Hydralisk x5  
  118  15:28  Hydralisk  
  105  15:43  Hydralisk x4  
  105  15:44  Hydralisk x4  
  105  15:47  Nydus Canal  
  117  15:55  Hydralisk  
  117  15:56  Hydralisk x2  
  121  16:06  Hydralisk x3  
  119  16:25  Hydralisk x4  
  123  16:28  Nydus Canal  
  119  16:32  Hydralisk  
  119  16:33  Hydralisk  
  100  16:54  Hydralisk x6  
  75  17:21  Lurker x2  
  75  17:22  Lurker  
  78  17:24  Lurker  
  78  17:27  Hatchery, Roach x2  
  82  17:34  Spore Crawler  
  81  17:37  Spine Crawler  
  81  17:42  Zerg Missile Weapons Level 3  
  80  17:49  Lurker  
  81  17:52  Drone x6  
  81  17:53  Drone x3  
  90  18:08  Lurker  
  90  18:09  Lurker  
  90  18:12  Overlord x2  
  92  18:18  Adaptive Talons  
  92  18:32  Roach x3  
  98  18:35  Overseer  
  98  18:37  Overseer  
  98  18:46  Roach x8  
  111  19:11  Hydralisk x7  
  111  19:12  Hydralisk  
  121  19:39  Roach x4  
  121  19:43  Roach x3  
  135  19:50  Overlord x2  
  135  19:57  Zergling x2  
  136  20:00  Overlord x2  
  132  20:27  Hydralisk x4  
  132  20:28  Hydralisk x8  
  119  20:37  Lurker x5  
  119  20:38  Lurker  
  119  20:39  Queen  
  127  20:47  Zerg Melee Weapons Level 1  
  127  20:51  Nydus Canal  
  127  20:52  Zergling x6  
  127  20:53  Zergling x10  
  129  21:14  Hydralisk x2  
  129  21:15  Hydralisk x4  
  141  21:23  Lurker x3  
  130  22:01  Hydralisk x4  
  130  22:02  Hydralisk x6  
  150  22:15  Nydus Canal  
Tags
 
Add a new tag
Caveats
  • Supply blocks, unpowered buildings, or Contaminate may cause inaccurate times.
  • Supply counts are checked every 10 seconds.